AoeStats
← mihai.flacaul

Arabian Desert

509207205Analyzed
1v1 RM · 7d ago on Sep 25, 2026· 15m 2s· 2 players
Game mode
Random Map
Map size
Tiny (2 player)
Population
200
Speed
Normal
Resources
Standard
Victory
Conquest
Starting age
Dark Age
Ending age
Imperial Age
RankedLock teamsTeams togetherTeam positionsShared explorationLock speedFull tech treeHidden civsTurbo modeCheats
Victory
Defeat
🇷🇴 Varangians · Romania
1602
+13
🇩🇪 Khmer · Germany
1532
-13
Pxlgun
6:03 Loom
9:30 Feudal Age
10:49 Double-Bit Axe
10:44 Horse Collar
mihai.flacaul
6:59 Loom
9:09 Feudal Age
9:58 Double-Bit Axe
10:44 Horse Collar
15:17 Bloodlines
Connection lost

Rejoining the realm…

Still unreachable

The connection could not be restored.

Session expired

The server has moved on; the page needs a fresh start.